[Event "2022 Norbert Muller Cup (Division A)"]
[Site "Woodvale, Perth WA AUS"]
[Date "2022.11.02"]
[Round "4"]
[White "Saxon, Marc"]
[Black "Maggs, Derwent"]
[Result "0-1"]
[EventDate "2022.10.12"]
[EventType "tourn"]
[EventRounds "7"]
[EventCountry "AUS"]
[TimeControl "3600+30"]
[WhiteElo "2023"]
[BlackElo "2340"]
[ECO "B90"]
[PlyCount "56"]

1. e4 c5 2. Nf3 d6 3. d4 cxd4 4. Nxd4 Nf6 5. Nc3 a6 6. Be3 e5 7. Nb3 Be7 8. f3
Be6 9. Qd2 O-O 10. O-O-O Nbd7 11. g4 b5 12. Kb1 Nb6 13. g5 Nfd7 14. Na5 Qc7 15.
a3 Rfd8 16. Bxb5 axb5 17. Nxb5 Qc8 18. Nxd6 Bxd6 19. Qxd6 Nc4 20. Nxc4 Qxc4 21.
b3 Rdb8 22. Rd3 Qb5 23. Rhd1 Qa5 24. Kb2 g6 25. h4 Ra6 26. Qe7 Rc6 27. Rxd7
Qc3+ 28. Ka2 Bxb3+ 0-1

[Event "2022 Norbert Muller Cup (Division A)"]
[Site "Woodvale, Perth WA AUS"]
[Date "2022.11.02"]
[Round "4"]
[White "Plaganyi, Gyula"]
[Black "Gibson, Jacob"]
[Result "1/2-1/2"]
[EventDate "2022.10.12"]
[EventType "tourn"]
[EventRounds "7"]
[EventCountry "AUS"]
[TimeControl "3600+30"]
[WhiteElo "1891"]
[WhiteTitle "CM"]
[BlackElo "1917"]
[ECO "D00"]
[PlyCount "134"]

1. d4 d5 2. Bf4 Nf6 3. e3 c5 4. c3 Nc6 5. Bd3 Qb6 6. Qb3 c4 7. Qxb6 axb6 8. Bc2
b5 9. Nf3 Nh5 10. Nbd2 Nxf4 11. exf4 b4 12. O-O e6 13. Ne5 Bd6 14. g3 O-O 15.
Nxc6 bxc6 16. cxb4 Bxb4 17. Nf3 f6 18. a3 Ba5 19. b4 cxb3 20. Bxb3 Ba6 21. Rfc1
Be2 22. Kg2 Rfc8 23. f5 e5 24. Rxc6 Bxf3+ 25. Kxf3 Rxc6 26. Bxd5+ Kf8 27. Bxc6
Rc8 28. d5 Rb8 29. Ra2 Ke7 30. Ke4 Rb1 31. h4 h6 32. Rc2 Bb6 33. a4 Kd6 34. Kf3
Rb4 35. Re2 Ba5 36. Kg2 Bb6 37. Ra2 Ba5 38. f3 Kc5 39. Rc2+ Kd6 40. Kf2 Bb6+
41. Ke2 Ba5 42. h5 Ke7 43. Rc5 Rb2+ 44. Kd1 Bc7 45. Rb5 Rxb5 46. axb5 Kd6 47.
Kc2 Kc5 48. Kd3 Bb8 49. Ke4 Bc7 50. g4 Bb8 51. Be8 Bc7 52. Bd7 Bd6 53. Bc6 Bc7
54. Be8 Bd6 55. Bc6 Bc7 56. Ke3 Bb6 57. f4 exf4+ 58. Kxf4 Bc7+ 59. Ke4 Be5 60.
Bd7 Bc7 61. Be8 Be5 62. b6 Kxb6 63. d6 Bxd6 64. Kd5 Bf4 65. Ke6 Kc5 66. Kf7 Kd4
67. Kxg7 Bg5 1/2-1/2

[Event "2022 Norbert Muller Cup (Division A)"]
[Site "Woodvale, Perth WA AUS"]
[Date "2022.11.02"]
[Round "4"]
[White "Lakner, Jay"]
[Black "Wolstencroft, Alan"]
[Result "1-0"]
[EventDate "2022.10.12"]
[EventType "tourn"]
[EventRounds "7"]
[EventCountry "AUS"]
[TimeControl "3600+30"]
[WhiteElo "2099"]
[BlackElo "1900"]
[ECO "A16"]
[PlyCount "93"]

1. c4 Nf6 2. Nc3 g6 3. e4 d6 4. g3 Bg7 5. Bg2 Nbd7 6. Nge2 O-O 7. O-O c5 8. d3
a6 9. h3 Rb8 10. a4 b6 11. f4 Bb7 12. Be3 e5 13. Qd2 Kh8 14. f5 Ng8 15. g4 h6
16. g5 hxg5 17. Bxg5 f6 18. Be3 g5 19. Bf3 Re8 20. Ng3 Nf8 21. Nh1 Nh7 22. Nf2
Nh6 23. Bh5 Rg8 24. Qe2 Qe7 25. Ng4 Nxg4 26. Qxg4 Bh6 27. Kf2 Qg7 28. Rh1 Rbd8
29. Rag1 Bc6 30. Qe2 Be8 31. Bxe8 Rdxe8 32. Qh5 Qf8 33. Nd5 b5 34. axb5 axb5
35. cxb5 Rb8 36. b6 Qg7 37. Ke2 Ra8 38. Kd2 Rab8 39. Kc3 Nf8 40. Ra1 Nd7 41.
Ra7 Rbd8 42. h4 Qh7 43. hxg5 fxg5 44. Nf6 Nxf6 45. Rxh7+ Nxh7 46. Qxh6 Rg7 47.
Bxg5 1-0

[Event "2022 Norbert Muller Cup (Division B)"]
[Site "Woodvale, Perth WA AUS"]
[Date "2022.11.02"]
[Round "4"]
[White "Janceski, Alex"]
[Black "O'Shaughnessy, Dave"]
[Result "0-1"]
[EventDate "2022.10.12"]
[EventType "tourn"]
[EventRounds "7"]
[EventCountry "AUS"]
[TimeControl "3600+30"]
[WhiteElo "1886"]
[BlackElo "1788"]
[ECO "D08"]
[PlyCount "56"]

1. d4 d5 2. c4 e5 3. dxe5 d4 4. a3 Nc6 5. Nf3 Nge7 6. Bg5 h6 7. Bh4 g5 8. Bg3
Bg7 9. h3 Ng6 10. Nbd2 Ngxe5 11. Qc2 O-O 12. Nxe5 Nxe5 13. Nb3 b6 14. O-O-O c5
15. e3 Nc6 16. Bd3 Qf6 17. exd4 Nxd4 18. Nxd4 cxd4 19. Be4 Be6 20. Rhe1 Rac8
21. Bd3 Bxc4 22. Bxc4 b5 23. b3 bxc4 24. bxc4 Qa6 25. Qd3 Rxc4+ 26. Kb2 Rfc8
27. Re2 Qa4 28. Qb3 d3+ 0-1

[Event "2022 Norbert Muller Cup (Division B)"]
[Site "Woodvale, Perth WA AUS"]
[Date "2022.11.02"]
[Round "4"]
[White "Gough, Dylan"]
[Black "Garang, Kuol Awan"]
[Result "1-0"]
[EventDate "2022.10.12"]
[EventType "tourn"]
[EventRounds "7"]
[EventCountry "AUS"]
[TimeControl "3600+30"]
[WhiteElo "1727"]
[BlackElo "1666"]
[ECO "A22"]
[PlyCount "179"]

1. c4 e5 2. e3 Nf6 3. Nc3 c6 4. Nge2 d5 5. cxd5 cxd5 6. d4 Bd6 7. dxe5 Bxe5 8.
Nd4 O-O 9. Be2 Nc6 10. O-O Qb6 11. Na4 Qd8 12. Nf3 Bf5 13. Nxe5 Nxe5 14. b3 Qd6
15. Bb2 Neg4 16. g3 a6 17. Bxf6 Nxf6 18. Qd4 b5 19. Nc3 Rfe8 20. Rfd1 Be4 21.
Nxe4 Rxe4 22. Qd2 Rae8 23. Rac1 R4e5 24. Qc2 Qb6 25. Qc6 Qa5 26. Rc2 R8e6 27.
Qc7 Qa3 28. Qb8+ Re8 29. Qc7 g6 30. Qc5 Qxc5 31. Rxc5 Ne4 32. Rc6 R8e6 33. Rxe6
fxe6 34. Rc1 Kg7 35. Rc6 h5 36. Bd3 Nd2 37. Kg2 Kf6 38. Rxa6 g5 39. Bxb5 d4 40.
Be8 dxe3 41. fxe3 h4 42. gxh4 gxh4 43. Rd6 Ne4 44. Rd4 Ke7 45. Bc6 Nc3 46. Kf3
Nxa2 47. Rxh4 Kd6 48. Be4 Nc3 49. Bc2 Nd5 50. Rd4 Rxe3+ 51. Kf2 Rh3 52. Kg2 Rh8
53. Rd2 Kc5 54. Bd1 Rh4 55. Kf3 Rh3+ 56. Kg4 Rc3 57. Kg5 Rh3 58. Bg4 Nc3 59.
Bxh3 Ne4+ 60. Kg6 Nxd2 61. Bxe6 Kd6 62. Bc4 Ke5 63. h4 Ne4 64. h5 Nf6 65. h6
Nd7 66. Kg7 Nf6 67. b4 Nh5+ 68. Kf7 Nf6 69. b5 Nh7 70. b6 Kd6 71. Kg7 Ng5 72.
Kg6 Nf3 73. h7 Ne5+ 74. Kg7 Nxc4 75. h8=Q Nxb6 76. Qf8+ Kc6 77. Qd8 Nd7 78. Kf7
Nc5 79. Ke7 Nb7 80. Qc8+ Kb6 81. Kd7 Nc5+ 82. Kd6 Nb7+ 83. Kd5 Na5 84. Qc5+ Ka6
85. Qb4 Nb7 86. Kc6 Na5+ 87. Kc7 Nc4 88. Qxc4+ Ka5 89. Qb3 Ka6 90. Qb6# 1-0

[Event "2022 Norbert Muller Cup (Division C)"]
[Site "Woodvale, Perth WA AUS"]
[Date "2022.11.02"]
[Round "4"]
[White "Boswarva, Ernest"]
[Black "Leech, Martin"]
[Result "1-0"]
[EventDate "2022.10.12"]
[EventType "tourn"]
[EventRounds "7"]
[EventCountry "AUS"]
[TimeControl "3600+30"]
[WhiteElo "1518"]
[BlackElo "1512"]
[ECO "D04"]
[PlyCount "103"]

1. d4 d5 2. e3 Nf6 3. Bd3 g6 4. Nf3 Nc6 5. h3 Bf5 6. a3 Bxd3 7. cxd3 Bg7 8. Nc3
e6 9. b4 O-O 10. Bb2 a6 11. Rc1 Re8 12. Na4 e5 13. dxe5 Nd7 14. d4 Ne7 15. Nc5
b6 16. Nd3 Nf5 17. Nf4 Rc8 18. Nxd5 c6 19. Nf4 c5 20. O-O cxd4 21. exd4 Nb8 22.
Rxc8 Qxc8 23. Qc1 Qb7 24. Qb1 Nc6 25. Qe4 Nd6 26. Qc2 Nf5 27. Nh5 Rc8 28. Nxg7
Ncxd4 29. Qd3 Nxf3+ 30. Qxf3 Qxf3 31. gxf3 Nxg7 32. Rc1 Rxc1+ 33. Bxc1 b5 34.
Kg2 Nf5 35. f4 Kg7 36. Kf3 Kh6 37. Kg4 Nd4 38. f5+ Kg7 39. fxg6 hxg6 40. f4 f6
41. exf6+ Kf7 42. Bb2 Ne6 43. f5 gxf5+ 44. Kxf5 Nf8 45. h4 Nh7 46. h5 Nf8 47.
h6 Nh7 48. Bd4 Nf8 49. Ke4 Nd7 50. Kd5 Nxf6+ 51. Bxf6 Kxf6 52. Kc6 1-0

[Event "2022 Norbert Muller Cup (Division C)"]
[Site "Woodvale, Perth WA AUS"]
[Date "2022.11.02"]
[Round "4"]
[White "Oswald, Franz"]
[Black "Hintz, Steven"]
[Result "1-0"]
[EventDate "2022.10.12"]
[EventType "tourn"]
[EventRounds "7"]
[EventCountry "AUS"]
[TimeControl "3600+30"]
[WhiteElo "1571"]
[BlackElo "1588"]
[ECO "D63"]
[PlyCount "83"]

1. d4 Nf6 2. c4 e6 3. Nc3 d5 4. Bg5 Be7 5. e3 O-O 6. Bd3 Nbd7 7. Nf3 h6 8. Bh4
a6 9. cxd5 exd5 10. O-O c6 11. Rc1 Re8 12. a3 Nf8 13. Na4 Bg4 14. Qc2 N6d7 15.
Bxe7 Qxe7 16. Nd2 Bh5 17. Nc5 Nxc5 18. Qxc5 Qxc5 19. Rxc5 Bg6 20. Bxg6 Nxg6 21.
b4 Nf8 22. Rc3 Nd7 23. Nb3 Re6 24. Nc5 Nxc5 25. bxc5 Re7 26. Rb1 Kf8 27. Rcb3
Rb8 28. Rb6 a5 29. Rxc6 b5 30. cxb6 Reb7 31. g3 Ke7 32. Rc5 Kd6 33. Rxa5 Rxb6
34. Rxb6+ Rxb6 35. Ra7 Ke6 36. a4 g5 37. a5 Rc6 38. a6 h5 39. Ra8 Kf5 40. a7
Kg4 41. Kg2 Rc2 42. Rf8 1-0

[Event "2022 Norbert Muller Cup (Division C)"]
[Site "Woodvale, Perth WA AUS"]
[Date "2022.11.02"]
[Round "4"]
[White "De Vas, Yonal"]
[Black "Rolph, Charlie"]
[Result "1/2-1/2"]
[EventDate "2022.10.12"]
[EventType "tourn"]
[EventRounds "7"]
[EventCountry "AUS"]
[TimeControl "3600+30"]
[WhiteElo "1543"]
[BlackElo "1734"]
[ECO "A40"]
[PlyCount "94"]

1. d4 f5 2. c4 e6 3. Nc3 Nf6 4. Nf3 b6 5. Bf4 Bb7 6. e3 Be7 7. Bd3 O-O 8. O-O
Nh5 9. Be5 d6 10. Bg3 f4 11. exf4 Nxf4 12. Be4 Bxe4 13. Nxe4 Nd7 14. Re1 e5 15.
dxe5 Nxe5 16. Bxf4 Rxf4 17. Qd5+ Kh8 18. Nxe5 dxe5 19. Qxe5 Bd6 20. Nxd6 Qxd6
21. Qxd6 cxd6 22. b3 Raf8 23. f3 Kg8 24. Rad1 R4f6 25. Rd5 Kf7 26. a4 Re8 27.
Rxe8 Kxe8 28. a5 Kd7 29. axb6 axb6 30. Kf2 Re6 31. g4 Kc6 32. b4 Re7 33. h4 Ra7
34. Kg3 Ra1 35. Kf4 Rc1 36. b5+ Kd7 37. Rd4 Ke6 38. Re4+ Kf6 39. g5+ Kf7 40. h5
g6 41. hxg6+ hxg6 42. Ke3 Rg1 43. f4 Re1+ 44. Kd3 Rd1+ 45. Ke2 Rc1 46. Kd2 Rf1
47. Ke2 Rc1 1/2-1/2

[Event "2022 Norbert Muller Cup (Division C)"]
[Site "Woodvale, Perth WA AUS"]
[Date "2022.11.02"]
[Round "4"]
[White "Browning, Thomas"]
[Black "Bhatia, Abhay"]
[Result "1/2-1/2"]
[EventDate "2022.10.12"]
[EventType "tourn"]
[EventRounds "7"]
[EventCountry "AUS"]
[TimeControl "3600+30"]
[WhiteElo "1554"]
[BlackElo "1598"]
[ECO "D07"]
[PlyCount "60"]

1. d4 d5 2. c4 e6 3. Nf3 Nc6 4. Bf4 Nf6 5. Nc3 h6 6. h3 g5 7. Bh2 Bg7 8. e3 O-O
9. Rc1 Bd7 10. Bd3 dxc4 11. Bxc4 a6 12. O-O b5 13. Bb3 b4 14. Ne2 a5 15. Ba4
Ra6 16. Qd3 Qc8 17. e4 Rd8 18. e5 Nd5 19. Bc2 f5 20. Bb3 Nce7 21. Nd2 Qb7 22.
Rc5 a4 23. Bc4 Rb6 24. f4 Ng6 25. fxg5 hxg5 26. Rxf5 Bh6 27. Rxg5 Be8 28. Rxg6+
Bxg6 29. Qxg6+ Bg7 30. Qxe6+ Kh8 1/2-1/2

[Event "2022 Norbert Muller Cup (Division D)"]
[Site "Woodvale, Perth WA AUS"]
[Date "2022.11.02"]
[Round "4"]
[White "Hounsome, David"]
[Black "Weijermars, Tristan"]
[Result "1-0"]
[EventDate "2022.10.12"]
[EventType "swiss"]
[TimeControl "3600+30"]
[EventRounds "7"]
[EventCountry "AUS"]
[WhiteElo "1359"]
[BlackElo "1547"]
[ECO "A01"]
[PlyCount "71"]

1. b3 e5 2. Bb2 Nc6 3. e3 d5 4. Bb5 Bd6 5. f4 f6 6. fxe5 fxe5 7. Bxc6+ bxc6 8.
Bxe5 Qg5 9. Bxd6 cxd6 10. Qe2 Nf6 11. Nf3 Qg6 12. c4 O-O 13. O-O Bg4 14. cxd5
Nxd5 15. h3 Bxh3 16. Nc3 Nxc3 17. dxc3 Rf7 18. Nh4 Rxf1+ 19. Rxf1 Qg4 20. Qxg4
Bxg4 21. Nf5 Bxf5 22. Rxf5 Rf8 23. Rxf8+ Kxf8 24. e4 Ke7 25. Kf2 Ke6 26. Ke3
Ke5 27. b4 h5 28. c4 g5 29. a4 h4 30. b5 cxb5 31. cxb5 g4 32. a5 h3 33. gxh3
gxh3 34. Kf3 Kd4 35. b6 h2 36. Kg2 1-0

[Event "2022 Norbert Muller Cup (Division D)"]
[Site "Woodvale, Perth WA AUS"]
[Date "2022.11.02"]
[Round "4"]
[White "Powell, Darren"]
[Black "De Vas, Senudi"]
[Result "1-0"]
[EventDate "2022.10.12"]
[EventType "swiss"]
[TimeControl "3600+30"]
[EventRounds "7"]
[EventCountry "AUS"]
[WhiteElo "1286"]
[BlackElo "1129"]
[ECO "C00"]
[PlyCount "63"]

1. e4 e6 2. d3 d5 3. Nd2 Nd7 4. g3 Ngf6 5. Bg2 Bc5 6. h3 O-O 7. Ne2 b6 8. e5
Nxe5 9. d4 Bxd4 10. Nxd4 Ba6 11. b3 Qd6 12. a4 Ng6 13. Ne2 Qe5 14. Rb1 Rad8 15.
Nf3 Bxe2 16. Qxe2 Qc3+ 17. Nd2 Qxc2 18. O-O d4 19. Be4 d3 20. Qe3 Nxe4 21. Qxe4
Rfe8 22. Qe3 Ne7 23. Qg5 Rd5 24. Qg4 f5 25. Qh5 g6 26. Qh6 Nc6 27. Bb2 Re7 28.
Rfc1 Qxc1+ 29. Rxc1 Nb4 30. Ba3 Na2 31. Bxe7 Kf7 32. Qf8# 1-0

[Event "2022 Norbert Muller Cup (Division D)"]
[Site "Woodvale, Perth WA AUS"]
[Date "2022.11.02"]
[Round "4"]
[White "Markou, Victor"]
[Black "Lanham, Bruce"]
[Result "1-0"]
[EventDate "2022.10.12"]
[EventType "swiss"]
[TimeControl "3600+30"]
[EventRounds "7"]
[EventCountry "AUS"]
[WhiteElo "1064"]
[BlackElo "1154"]
[ECO "A00"]
[PlyCount "32"]

1. e4 d5 2. Nc3 d4 3. Nce2 e5 4. Nf3 f6 5. g3 Be6 6. Bg2 c5 7. d3 Nd7 8. O-O
Ne7 9. c3 Nc6 10. c4 a6 11. Nh4 b5 12. b3 bxc4 13. bxc4 Be7 14. f4 O-O 15. f5
Bf7 16. Bd2 Bh5 {17. Nf2 was played, game continued for around 30 moves} 1-0

[Event "2022 Norbert Muller Cup (Division D)"]
[Site "Woodvale, Perth WA AUS"]
[Date "2022.11.02"]
[Round "4"]
[White "Watson, Jake"]
[Black "Brooke, John"]
[Result "1-0"]
[EventDate "2022.10.12"]
[EventType "swiss"]
[TimeControl "3600+30"]
[EventRounds "7"]
[EventCountry "AUS"]
[WhiteElo "1175"]
[BlackElo "1360"]
[ECO "C44"]
[PlyCount "95"]

1. e4 e5 2. Nf3 Nc6 3. c3 a6 4. d4 Bd6 5. Bc4 h6 6. O-O Nge7 7. dxe5 Nxe5 8.
Nxe5 Bxe5 9. Qh5 Ng6 10. f4 Qf6 11. fxe5 Qb6+ 12. Kh1 O-O 13. Rf3 Qc5 14. b3
Nxe5 15. Ba3 Qxa3 16. Nxa3 Nxf3 17. Qxf3 b5 18. e5 c6 19. Bd3 Bb7 20. h4 Rab8
21. Be4 f6 22. Qf5 fxe5 23. Qh7+ Kf7 24. Rf1+ Ke7 25. Rxf8 Rxf8 26. Qxg7+ Rf7
27. Qxe5+ Kf8 28. Qb8+ Kg7 29. Qxb7 d5 30. Qxc6 dxe4 31. Qxe4 Rf6 32. c4 b4 33.
Qb7+ Kg6 34. Qxb4 Kf5 35. c5 Ke5 36. Qc4 Rf4 37. Qxf4+ Kxf4 38. c6 a5 39. c7 a4
40. bxa4 h5 41. c8=Q Ke4 42. a5 Kd4 43. a6 Ke4 44. a7 Kf4 45. a8=Q Kg3 46. Qc3+
Kxh4 47. Qa4+ Kg5 48. Qc5+ 1-0

[Event "2022 Norbert Muller Cup (Division A)"]
[Site "Woodvale, Perth WA AUS"]
[Date "2022.11.09"]
[Round "5"]
[White "Saxon, Marc"]
[Black "Gibson, Jacob"]
[Result "0-1"]
[EventDate "2022.10.12"]
[EventType "tourn"]
[EventRounds "7"]
[EventCountry "AUS"]
[TimeControl "3600+30"]
[WhiteElo "2023"]
[BlackElo "1917"]
[ECO "B90"]
[PlyCount "86"]

1. e4 c5 2. Nf3 d6 3. d4 cxd4 4. Nxd4 Nf6 5. Nc3 a6 6. Be3 e5 7. Nb3 Be6 8. f3
h5 9. Qd2 Nbd7 10. O-O-O Rc8 11. h3 b5 12. Nd5 Bxd5 13. exd5 Nb6 14. Bg5 Be7
15. Bxf6 Bxf6 16. Kb1 Nc4 17. Qb4 Ne3 18. Rd2 Bg5 19. f4 Bxf4 20. Rf2 O-O 21.
Qe4 Qb6 22. Bd3 f5 23. Qf3 h4 24. Re2 Bh6 25. Rhe1 e4 26. Bxe4 fxe4 27. Qxe4
Rfe8 28. Qxh4 Qd8 29. Qh5 Re5 30. Qf3 Qf6 31. Nd4 Qxf3 32. Nxf3 Rxd5 33. g4 Rf8
34. c4 Nxc4 35. Nh4 Re5 36. Nf5 Rfe8 37. Rxe5 Rxe5 38. Rd1 d5 39. b3 Ne3 40.
Re1 Re4 41. Ng3 Rd4 42. Kb2 b4 43. Re2 g6 0-1

[Event "2022 Norbert Muller Cup (Division A)"]
[Site "Woodvale, Perth WA AUS"]
[Date "2022.11.09"]
[Round "5"]
[White "Maggs, Derwent"]
[Black "Maris, Rob"]
[Result "1-0"]
[EventDate "2022.10.12"]
[EventType "tourn"]
[EventRounds "7"]
[EventCountry "AUS"]
[TimeControl "3600+30"]
[WhiteElo "2340"]
[BlackElo "2072"]
[ECO "B22"]
[PlyCount "75"]

1. e4 c5 2. c3 Nf6 3. e5 Nd5 4. d4 cxd4 5. Nf3 e6 6. cxd4 b6 7. Bd3 Ba6 8. O-O
Be7 9. Nc3 Nxc3 10. bxc3 Bxd3 11. Qxd3 d5 12. Ne1 Nd7 13. Qg3 g6 14. a4 Rc8 15.
Bd2 f6 16. Nd3 f5 17. Nf4 Kf7 18. Rfb1 a6 19. Qd3 Rc4 20. g4 h5 21. gxf5 gxf5
22. Kh1 h4 23. Rc1 Nf8 24. Ng2 Qc8 25. Ne3 Rc6 26. h3 Nh7 27. f4 Nf8 28. Qe2
Rh7 29. Qg2 Ke8 30. Kh2 Qd7 31. c4 dxc4 32. Nxc4 Rc7 33. Nxb6 Qd8 34. Rxc7 Qxc7
35. a5 Bd8 36. d5 exd5 37. Nxd5 Qc5 38. Bb4 1-0

[Event "2022 Norbert Muller Cup (Division A)"]
[Site "Woodvale, Perth WA AUS"]
[Date "2022.11.09"]
[Round "5"]
[White "Plaganyi, Gyula"]
[Black "Wolstencroft, Alan"]
[Result "1-0"]
[EventDate "2022.10.12"]
[EventType "tourn"]
[EventRounds "7"]
[EventCountry "AUS"]
[TimeControl "3600+30"]
[WhiteElo "1891"]
[WhiteTitle "CM"]
[BlackElo "1900"]
[ECO "B08"]
[PlyCount "55"]

1. d4 Nf6 2. Nf3 g6 3. Bf4 Bg7 4. Nc3 d6 5. e4 O-O 6. Qd2 Re8 7. O-O-O c6 8.
Bh6 Bh8 9. h3 b5 10. Bd3 b4 11. Ne2 a5 12. e5 Nd5 13. Nf4 Nxf4 14. Qxf4 Be6 15.
Kb1 a4 16. Ng5 Qd7 17. Rhe1 d5 18. Re3 Na6 19. Rf3 f6 20. Nxe6 Qxe6 21. Re1 Bg7
22. Bxg7 Kxg7 23. Bxa6 Rxa6 24. exf6+ exf6 25. Rxe6 Rxe6 26. Re3 c5 27. Qc7+
Kh6 28. Qxc5 1-0

[Event "2022 Norbert Muller Cup (Division B)"]
[Site "Woodvale, Perth WA AUS"]
[Date "2022.11.09"]
[Round "5"]
[White "Garang, Kuol Awan"]
[Black "Clarke, Daniel"]
[Result "0-1"]
[EventDate "2022.10.12"]
[EventType "tourn"]
[EventRounds "7"]
[EventCountry "AUS"]
[TimeControl "3600+30"]
[WhiteElo "1666"]
[BlackElo "1834"]
[ECO "C68"]
[PlyCount "134"]

1. e4 e5 2. Nf3 Nc6 3. Bb5 a6 4. Bxc6 dxc6 5. O-O Bg4 6. d3 Qf6 7. Nbd2 Ne7 8.
b3 Ng6 9. Bb2 Bd6 10. h3 h5 11. Qe1 O-O-O 12. Qe3 Nf4 13. Rae1 Bxh3 14. gxh3
Qg6+ 15. Ng5 Qxg5+ 16. Qg3 Nxh3+ 17. Kh2 Qxg3+ 18. fxg3 Ng5 19. Nc4 f6 20. Ne3
Ne6 21. Kh3 Rdf8 22. a3 g5 23. Nf5 h4 24. g4 c5 25. Rf2 Nf4+ 26. Kh2 Kd7 27.
Rf3 Ne6 28. c3 b5 29. Ref1 Nf4 30. R1f2 a5 31. Kh1 a4 32. bxa4 bxa4 33. d4 c4
34. Ne3 Nd3 35. Rd2 Nxb2 36. Rxb2 exd4 37. cxd4 c3 38. Rc2 Bxa3 39. Rxc3 Bb2
40. Rc4 a3 41. Nc2 a2 42. Rf1 Ra8 43. Rxf6 a1=Q+ 44. Nxa1 Rxa1+ 45. Kh2 Ba3 46.
Rf5 Rf8 47. e5 Be7 48. d5 Rb8 49. Rc2 Rb5 50. Rd2 Raa5 51. d6 cxd6 52. exd6
Bxd6+ 53. Rxd6+ Kxd6 54. Rf6+ Ke7 55. Rf2 Rb3 56. Re2+ Kd6 57. Rf2 Re5 58. Rf6+
Kd5 59. Rf2 Kd4 60. Kg2 Rg3+ 61. Kh2 Ree3 62. Rd2+ Rd3 63. Ra2 Rh3+ 64. Kg2
Rdg3+ 65. Kf1 Rh1+ 66. Kf2 Rh2+ 67. Ke1 Rg1# 0-1

[Event "2022 Norbert Muller Cup (Division B)"]
[Site "Woodvale, Perth WA AUS"]
[Date "2022.11.09"]
[Round "5"]
[White "Doshi, Chirag"]
[Black "Gough, Dylan"]
[Result "1/2-1/2"]
[EventDate "2022.10.12"]
[EventType "tourn"]
[EventRounds "7"]
[EventCountry "AUS"]
[TimeControl "3600+30"]
[WhiteElo "1831"]
[BlackElo "1727"]
[ECO "B12"]
[PlyCount "97"]

1. e4 c6 2. d4 d5 3. e5 Bf5 4. Bd3 Bxd3 5. Qxd3 e6 6. f4 c5 7. c3 Nc6 8. Nf3
cxd4 9. Nxd4 Bc5 10. Nxc6 bxc6 11. b4 Be7 12. Be3 Nh6 13. O-O Ng4 14. Bd4 Qc7
15. Nd2 c5 16. bxc5 O-O 17. Nb3 a5 18. a4 Rab8 19. Qc2 Nh6 20. Rf3 f5 21. Rg3
Nf7 22. Qd1 Nd8 23. Rb1 Nb7 24. Rh3 Bxc5 25. Qd3 Bxd4+ 26. cxd4 Qc6 27. Qb5
Qxb5 28. axb5 Rfc8 29. Ra1 Rc4 30. Rd3 a4 31. Nd2 Rb4 32. Rb1 Rxb1+ 33. Nxb1
Na5 34. Na3 Nc4 35. Kf2 Kf7 36. Ke2 Ke7 37. h3 Kd7 38. Rc3 Nxa3 39. Rxa3 Rxb5
40. Rxa4 Rb2+ 41. Kf3 Rb3+ 42. Kf2 Rb7 43. Ra6 h6 44. g4 g6 45. gxf5 gxf5 46.
Ra3 Ke7 47. Kg3 Rb4 48. Rd3 Kf7 49. Kf3 1/2-1/2

[Event "2022 Norbert Muller Cup (Division B)"]
[Site "Woodvale, Perth WA AUS"]
[Date "2022.11.09"]
[Round "5"]
[White "O'Shaughnessy, Dave"]
[Black "Stortz, Robert"]
[Result "1-0"]
[EventDate "2022.10.12"]
[EventType "tourn"]
[EventRounds "7"]
[EventCountry "AUS"]
[TimeControl "3600+30"]
[WhiteElo "1788"]
[BlackElo "1838"]
[ECO "B11"]
[PlyCount "95"]

1. e4 c6 2. Nc3 d5 3. Nf3 dxe4 4. Nxe4 Bg4 5. Bc4 e6 6. d3 h6 7. Bf4 Nf6 8. Ng3
Bd6 9. Bxd6 Qxd6 10. Bb3 Nbd7 11. h3 Bxf3 12. Qxf3 Qe5+ 13. Ne2 Qxb2 14. O-O
Qe5 15. Rfe1 Qd6 16. Nf4 O-O 17. Nxe6 Rfe8 18. Nf4 Nc5 19. Nh5 Nxb3 20. Nxf6+
Qxf6 21. Qxf6 gxf6 22. axb3 Kf8 23. Rxe8+ Kxe8 24. Ra4 Kd7 25. Kf1 b5 26. Rh4
a5 27. Re4 a4 28. bxa4 bxa4 29. Re1 a3 30. Ra1 a2 31. Ke2 Kd6 32. Kd2 f5 33.
Kc3 f4 34. Kb2 h5 35. Rxa2 Rxa2+ 36. Kxa2 h4 37. f3 Kc5 38. c3 Kb5 39. Kb3 f6
40. c4+ Kc5 41. Kc3 Kd6 42. d4 Ke6 43. Kb4 Kd6 44. Ka5 Kc7 45. Ka6 Kc8 46. Kb6
Kd7 47. c5 f5 48. Kb7 1-0

[Event "2022 Norbert Muller Cup (Division B)"]
[Site "Woodvale, Perth WA AUS"]
[Date "2022.11.09"]
[Round "5"]
[White "Leonhardt, Wolfgang"]
[Black "Janceski, Alex"]
[Result "1-0"]
[EventDate "2022.10.12"]
[EventType "tourn"]
[EventRounds "7"]
[EventCountry "AUS"]
[TimeControl "3600+30"]
[WhiteElo "1776"]
[BlackElo "1886"]
[ECO "B06"]
[PlyCount "65"]

1. e4 d6 2. d4 g6 3. Bc4 Bg7 4. Nc3 Nc6 5. Be3 e6 6. Qd2 a6 7. a4 Bd7 8. Nf3
Nge7 9. Bh6 O-O 10. h4 Kh8 11. h5 Ng8 12. Bxg7+ Kxg7 13. hxg6 h6 14. gxf7 Rxf7
15. Rh3 Qf6 16. O-O-O Qf4 17. Qxf4 Rxf4 18. Rg3+ Kf8 19. e5 d5 20. Bd3 Nce7 21.
Ne2 Rf7 22. Rh1 Bxa4 23. Rg4 Bb5 24. Nf4 Bd7 25. Nh4 Rg7 26. Rxg7 Kxg7 27. Nh5+
Kf8 28. Rh3 Ke8 29. Rg3 Kf8 30. Rf3+ Ke8 31. Ng7+ Kd8 32. Rf8+ Be8 33. Rxe8+
1-0

[Event "2022 Norbert Muller Cup (Division C)"]
[Site "Woodvale, Perth WA AUS"]
[Date "2022.11.09"]
[Round "5"]
[White "Bhatia, Abhay"]
[Black "Boswarva, Ernest"]
[Result "1-0"]
[EventDate "2022.10.12"]
[EventType "tourn"]
[EventRounds "7"]
[EventCountry "AUS"]
[TimeControl "3600+30"]
[WhiteElo "1598"]
[BlackElo "1518"]
[ECO "B07"]
[PlyCount "89"]

1. e4 d6 2. d4 Nf6 3. e5 dxe5 4. dxe5 Qxd1+ 5. Kxd1 Ng4 6. Be3 Nxe3+ 7. fxe3 g6
8. h3 Bg7 9. Nf3 Nc6 10. Bb5 Bd7 11. Bxc6 Bxc6 12. Nbd2 O-O-O 13. Ke2 Bb5+ 14.
c4 Bc6 15. Rab1 Rd7 16. b4 Rhd8 17. e4 b6 18. Rhd1 f5 19. exf5 gxf5 20. g4 Rf8
21. g5 e6 22. h4 Be4 23. Rbc1 Bd3+ 24. Ke1 f4 25. Nb3 Bf5 26. Rxd7 Kxd7 27. c5
Bg4 28. c6+ Ke7 29. Rd1 Rd8 30. Rxd8 Kxd8 31. Nbd4 a6 32. Kd2 Ke7 33. Kd3 h6
34. Ke4 Bxf3+ 35. Nxf3 hxg5 36. hxg5 Kf7 37. Kxf4 Bf8 38. a3 b5 39. Nd4 Be7 40.
g6+ Kxg6 41. Nxe6 a5 42. bxa5 Kf7 43. Nxc7 Bd8 44. Nxb5 Bxa5 45. c7 1-0

[Event "2022 Norbert Muller Cup (Division C)"]
[Site "Woodvale, Perth WA AUS"]
[Date "2022.11.09"]
[Round "5"]
[White "Rolph, Charlie"]
[Black "Browning, Thomas"]
[Result "0-1"]
[EventDate "2022.10.12"]
[EventType "tourn"]
[EventRounds "7"]
[EventCountry "AUS"]
[TimeControl "3600+30"]
[WhiteElo "1734"]
[BlackElo "1554"]
[ECO "A03"]
[PlyCount "32"]

1. f4 d5 2. Nf3 Nf6 3. b3 c5 4. e3 Bg4 5. Be2 Nc6 6. Bb2 e6 7. O-O Bxf3 8. Bxf3
Bd6 9. Nc3 O-O 10. e4 Bxf4 11. exd5 exd5 12. Bxd5 Nxd5 13. Nxd5 Bxh2+ 14. Kxh2
Qxd5 15. Qg4 f6 16. Rxf6 Rxf6 0-1

[Event "2022 Norbert Muller Cup (Division C)"]
[Site "Woodvale, Perth WA AUS"]
[Date "2022.11.09"]
[Round "5"]
[White "Hintz, Steven"]
[Black "De Vas, Yonal"]
[Result "1/2-1/2"]
[EventDate "2022.10.12"]
[EventType "tourn"]
[EventRounds "7"]
[EventCountry "AUS"]
[TimeControl "3600+30"]
[WhiteElo "1588"]
[BlackElo "1543"]
[ECO "D02"]
[PlyCount "98"]

1. d4 d5 2. Nf3 Nf6 3. Bf4 Bf5 4. e3 e6 5. Bd3 Bxd3 6. Qxd3 a6 7. b3 c5 8. Nbd2
Nc6 9. c3 cxd4 10. exd4 Bd6 11. Bxd6 Qxd6 12. O-O O-O 13. Rfe1 Rac8 14. Rac1
Rfe8 15. h3 e5 16. dxe5 Nxe5 17. Nxe5 Rxe5 18. Rxe5 Qxe5 19. Nf3 Qe4 20. Qd4
Qxd4 21. Nxd4 Ne4 22. Ne2 b5 23. f3 Nf6 24. Kf2 a5 25. Ke3 Kf8 26. Kd4 a4 27.
Nf4 axb3 28. axb3 b4 29. c4 dxc4 30. Rxc4 Rd8+ 31. Ke3 g5 32. Ne2 Nd5+ 33. Kf2
f5 34. Nd4 Nf4 35. Kf1 Rd5 36. Rxb4 Nd3 37. Rb8+ Kf7 38. Rb7+ Kf6 39. Ne2 Nc5
40. Rxh7 Rd1+ 41. Kf2 Nd3+ 42. Ke3 f4+ 43. Nxf4 Nxf4 44. g3 Nd5+ 45. Ke2 Nc3+
46. Ke3 Nd5+ 47. Ke2 Nc3+ 48. Ke3 Nd5+ 49. Ke2 Nc3+ 1/2-1/2